 Dungeon Crawl Stone Soup version 0.23.1 (webtiles) character file.

Game seed: 5161221020723937235

0 Sandy the Ducker (level 1, -1/11 HPs)
             Began as a Spriggan Abyssal Knight on Mar 18, 2019.
             Was a Follower of Lugonu.
             Succumbed to a green death's poison gas
             ... on level 2 of the Abyss.
             The game lasted 00:01:22 (284 turns).

Sandy the Ducker (Spriggan Abyssal Knight)           Turns: 284, Time: 00:01:23

Health: -1/11      AC:  2    Str:  8    XL:     1   Next: 0%
Magic:  3/3        EV: 18    Int: 13    God:    Lugonu [*.....]
Gold:   27         SH:  0    Dex: 15    Spells: 0/0 levels left

rFire    . . .     SeeInvis +   a - +1 short sword
rCold    . . .     Gourm    .   (shield restricted)
rNeg     . . .     Faith    .   b - +0 robe
rPois    .         Spirit   .   (helmet restricted)
rElec    .         Reflect  .   (no cloak)
rCorr    .         Harm     .   (gloves unavailable)
MR       .....                  (boots unavailable)
Stlth    +.........             (no amulet)
HPRegen  0.03/turn              (no ring)
MPRegen  0.08/turn              (no ring)

@: lethally poisoned (-1 -> -35), very quick
A: very small, unfitting armour, see invisible, herbivore, speed 3, slow
metabolism 2
a: Depart the Abyss, Renounce Religion


You were on level 2 of the Abyss.
You worshipped Lugonu.
Lugonu was aware of your devotion.
You were not hungry.

You visited 0 branches of the dungeon, and saw 0 of its levels.
You visited the Abyss 1 time.

You collected 27 gold pieces.

Inventory:

Hand Weapons
 a - a +1 short sword (weapon)
 j - a +1 scimitar of slicing
Missiles
 e - 28 stones (quivered)
Armour
 b - a +0 robe (worn)
Scrolls
 d - 2 scrolls of amnesia {unknown}
 f - a scroll of magic mapping {unknown}
 g - a scroll of fog {unknown}
 h - a scroll of enchant weapon {unknown}
 i - a scroll of acquirement {unknown}
Comestibles
 c - 2 rations


   Skills:
 + Level 2.4 Fighting
 + Level 2.1 Short Blades
 + Level 3.5 Dodging
 + Level 1.7 Invocations


You couldn't memorise any spells.
You didn't know any spells.
Your spell library was empty.

Dungeon Overview and Level Annotations

Branches:
Dungeon (0/15)

Altars:


Innate Abilities, Weirdness & Mutations

You are very small and have problems with some larger weapons.
You are too small for most types of armour.
You have supernaturally acute eyesight. (SInv)
You are a herbivore.
You cover ground extremely quickly.
You need to consume almost no food.


Message History

The ynoxinul bellows!
An ugly thing and a very ugly thing come into view.
The brown very ugly thing gurgles horribly!
The brown ugly thing moves out of view.
A brown very ugly thing comes into view.
The brown very ugly thing gurgles horribly!
The brown very ugly thing basks in the mutagenic energy from its kin and changes!
A brown very ugly thing comes into view.
An ufetubus comes into view.
The ufetubus moves out of view.
A green death comes into view.
The green death roars!
The ufetubus shouts!
The green death gestures at you. The blast of poison engulfs you!
You are lethally poisoned!
Ouch! That really hurt!
* * * LOW HITPOINT WARNING * * *
You are engulfed in poison gas.
You are more poisoned.
* * * LOW HITPOINT WARNING * * *
You die... ##. #.##...### ## .. uu#

###.#.##.## #. uu
....##...## #..
#.#.. ..##. .# ...
#.####.#... #
#.####☼☼......##.#
#.☼§☼☼###..#### .#
#.§§☼###.....# ##
#...#☼#@#
#..#...... .# #
#○# .#.##... ..○
##...#. .# #..☼.
###..#.# ##5#2#
#3. .. #..## ..#.#
... .# .##


You could see a green death and an ufetubus.

Vanquished Creatures (others)
  2 starspawn tentacles (Abyss:1)
2 creatures vanquished.

Notes
Turn   | Place    | Note
-------+----------+-------------------------------------------
     0 | Abyss:1  | Sandy the Spriggan Abyssal Knight began the quest for the
                  | Orb.
     0 | Abyss:1  | Reached XP level 1. HP: 11/11 MP: 3/3
    87 | Abyss:1  | Noticed a tentacled starspawn
    87 | Abyss:1  | Noticed a small abomination
    93 | Abyss:1  | Noticed a raiju
   104 | Abyss:1  | Noticed a quasit
   107 | Abyss:1  | Noticed a small abomination
   110 | Abyss:1  | Noticed a small abomination
   159 | Abyss:2  | Noticed a large abomination
   275 | Abyss:2  | Noticed a ynoxinul
   278 | Abyss:2  | Noticed a brown very ugly thing
   278 | Abyss:2  | Noticed a brown ugly thing
   279 | Abyss:2  | Noticed a brown very ugly thing
   280 | Abyss:2  | Noticed a brown very ugly thing
   283 | Abyss:2  | Noticed a green death
   284 | Abyss:2  | Succumbed to a green death's poison gas
